Map: Agria Valley

Players

adib

  • Race: Terran Terran
  • League: Silver

A.I. 1 (Elite) - Winner!

  • Race: Zerg Zerg

VOD

Have the link to the VOD?

Description

Time

  • Played on: Aug. 16, 2026, 12:11 a.m.
  • Length: 14:17
Show
View Real Time Build Order
Export as new Build Order

adib Terran 

Build Orders: Reaper Expand 

Get SALT Encoding   

  8  0:01  SCV  
  9  0:13  SCV  
  10  0:27  SCV  
  11  0:39  SCV  
  12  0:46  Supply Depot  
  12  0:51  SCV  
  13  1:07  SCV  
  13  1:10  Barracks  
  14  1:15  Refinery  
  14  1:20  SCV  
  15  1:32  SCV  
  16  1:44  SCV  
  17  2:03  Reaper  
  17  2:06  Orbital Command  
  18  2:09  Supply Depot  
  18  2:36  SCV  
  19  2:37  Marine  
  20  2:48  Command Center, SCV  
  21  2:56  Refinery, Factory  
  21  2:59  Barracks Reactor  
  21  3:00  SCV  
  22  3:20  SCV  
  23  3:27  Supply Depot  
  23  3:30  Supply Depot  
  23  3:32  SCV  
  24  4:08  SCV  
  25  4:10  Orbital Command  
  25  4:17  Barracks  
  25  4:18  Barracks  
  25  4:20  SCV  
  26  4:24  Factory Tech Lab  
  26  4:25  Engineering Bay  
  26  4:27  Engineering Bay, Marine  
  27  4:34  Orbital Command, Marine  
  27  4:38  SCV  
  29  4:57  Marine  
  29  4:58  Marine, Bunker  
  31  5:01  Siege Tank  
  34  5:08  Barracks Tech Lab  
  34  5:10  Barracks Tech Lab  
  34  5:21  Terran Infantry Weapons Level 1  
  34  5:22  Terran Infantry Armor Level 1  
  34  5:26  Stimpack  
  34  5:28  Combat Shield  
  34  5:36  SCV x2  
  36  5:52  SCV x2  
  38  6:00  Supply Depot x2  
  38  6:04  SCV x2  
  38  6:06  Supply Depot  
  38  6:08  Marine x2  
  38  6:09  Marine x2  
  44  6:14  Siege Tank  
  47  6:25  SCV x2  
  49  6:26  Marine x2  
  51  6:37  SCV x2  
  53  6:46  Siege Tank  
  56  6:49  SCV x2  
  58  6:56  Refinery  
  58  6:58  Command Center  
  58  7:00  Starport  
  58  7:01  SCV  
  59  7:13  Missile Turret  
  59  7:17  Missile Turret  
  59  7:21  Missile Turret  
  59  7:24  Missile Turret  
  59  7:26  Missile Turret  
  59  7:44  Medivac  
  59  7:46  Siege Tank  
  59  7:47  Marine x2  
  59  7:48  Marine x2  
  68  7:53  Armory  
  68  8:00  Missile Turret  
  68  8:05  Marine x3  
  69  8:08  Missile Turret  
  69  8:09  Marine  
  72  8:18  Siege Tank  
  75  8:20  SCV x2  
  75  8:23  Marine x3  
  80  8:28  Missile Turret  
  80  8:32  SCV x2  
  80  8:33  Supply Depot  
  82  8:36  Supply Depot  
  82  8:39  Missile Turret  
  82  8:44  SCV  
  83  8:53  Starport Reactor  
  83  9:11  Marine x4  
  83  9:13  Terran Infantry Weapons Level 2  
  83  9:14  Terran Infantry Armor Level 2  
  83  9:15  Command Center  
  87  9:18  Terran Vehicle Weapons Level 1  
  87  9:29  Marine, Command Center  
  90  9:37  Planetary Fortress  
  88  9:50  Marine x2  
  67  10:06  Marine x2  
  63  10:08  Marine x2  
  63  10:18  Siege Tank  
  66  10:23  Marine  
  66  10:24  Marine  
  66  10:26  Marine  
  69  10:31  Refinery  
  69  10:43  Marine  
  69  10:44  Marine  
  69  10:46  Marine x2  
  73  10:50  Siege Tank  
  76  10:59  SCV  
  76  11:01  Marine x2  
  76  11:02  SCV  
  80  11:04  SCV  
  81  11:14  SCV  
  81  11:16  SCV  
  73  11:23  Siege Tank  
  76  11:27  SCV  
  76  11:28  SCV  
  76  11:32  Orbital Command  
  78  11:38  Missile Turret  
  78  11:39  SCV  
  79  11:40  SCV  
  80  11:51  SCV  
  80  11:53  Marine x4  
  85  11:58  Missile Turret  
  86  12:03  SCV  
  87  12:10  Marine  
  87  12:11  Marine  
  87  12:15  SCV  
  90  12:19  Missile Turret  
  90  12:21  SCV  
  90  12:29  Marine x2  
  91  12:30  Marine x2  
  91  12:33  SCV  
  95  12:40  Missile Turret  
  91  12:45  SCV  
  91  12:47  Marine x3  
  91  12:48  Marine  
  96  12:58  Medivac x2  
  100  13:00  Siege Tank  
  100  13:05  Marine x2  
  105  13:16  Marine x2  
  103  13:23  Marine  
  95  13:31  SCV  
  95  13:32  Siege Tank  
  83  13:43  SCV  
  80  13:55  SCV  
Show
View Real Time Build Order
Export as new Build Order

A.I. 1 (Elite) Zerg - Winner!

Build Orders: Pool First 

Get SALT Encoding   

  8  0:00  Drone  
  9  0:10  Drone  
  10  0:17  Drone  
  11  0:23  Drone  
  12  0:34  Overlord  
  12  0:52  Drone x2  
  12  0:53  Drone  
  15  1:02  Drone  
  16  1:12  Drone  
  16  1:17  Spawning Pool  
  16  1:22  Drone  
  17  1:43  Hatchery  
  17  1:44  Drone  
  17  1:47  Extractor  
  17  1:50  Drone  
  17  1:53  Extractor  
  16  1:56  Drone  
  17  2:02  Drone  
  18  2:12  Drone  
  19  2:21  Overlord  
  19  2:39  Queen  
  19  2:40  Zergling x2  
  22  2:44  Drone  
  23  3:05  Queen  
  25  3:11  Drone  
  26  3:14  Drone  
  26  3:18  Drone  
  27  3:23  Drone  
  28  3:28  Drone  
  29  3:42  Roach Warren  
  29  3:44  Drone  
  29  3:47  Drone  
  30  3:51  Zergling x2  
  30  3:54  Zergling x2  
  31  4:02  Overlord  
  31  4:20  Zergling x2, Drone x2  
  38  4:24  Roach x2  
  38  4:37  Lair  
  38  4:42  Overlord  
  38  4:47  Overlord  
  38  5:00  Zergling x6, Roach x2, Drone  
  46  5:11  Drone  
  46  5:13  Drone  
  48  5:18  Overlord  
  48  5:21  Drone  
  48  5:23  Drone  
  48  5:26  Drone  
  51  5:28  Drone  
  51  5:31  Drone  
  53  5:36  Drone x2  
  53  5:39  Hydralisk Den, Overlord  
  53  5:42  Drone  
  55  5:44  Drone  
  55  5:46  Drone  
  55  5:48  Drone  
  58  5:50  Drone  
  58  5:52  Drone  
  58  5:54  Drone  
  61  5:58  Drone  
  61  6:00  Overlord  
  61  6:01  Drone  
  61  6:03  Drone  
  64  6:05  Drone  
  64  6:07  Drone  
  64  6:08  Drone  
  64  6:09  Hydralisk  
  64  6:11  Hydralisk  
  69  6:17  Hydralisk  
  73  6:19  Infestation Pit  
  73  6:24  Overlord  
  72  6:26  Hydralisk  
  72  6:29  Drone  
  72  6:31  Roach  
  77  6:41  Metabolic Boost  
  77  6:42  Roach  
  77  6:44  Overlord  
  77  6:45  Evolution Chamber  
  77  6:46  Drone  
  79  6:48  Roach  
  79  6:50  Roach  
  79  6:54  Hatchery  
  82  6:57  Infestor  
  84  7:02  Drone  
  84  7:04  Overlord  
  84  7:06  Infestor  
  87  7:11  Zerg Ground Armor Level 1  
  87  7:13  Overseer  
  87  7:14  Ravager  
  88  7:15  Evolution Chamber  
  88  7:16  Roach  
  88  7:22  Evolution Chamber  
  88  7:23  Drone  
  88  7:25  Ravager  
  88  7:26  Extractor  
  88  7:27  Drone  
  88  7:28  Extractor  
  88  7:29  Drone, Overlord  
  92  7:30  Roach  
  92  7:38  Hydralisk  
  92  7:41  Zerg Melee Weapons Level 1  
  94  7:47  Zerg Missile Weapons Level 1  
  94  7:48  Hydralisk, Drone  
  94  7:49  Drone x2, Overlord  
  94  7:50  Drone  
  94  7:51  Drone x2  
  102  7:55  Hydralisk  
  104  8:00  Hydralisk  
  106  8:07  Drone x4, Overlord  
  106  8:08  Drone x2, Zergling x2  
  112  8:13  Drone  
  112  8:15  Drone  
  112  8:16  Extractor  
  112  8:17  Drone  
  114  8:23  Drone  
  114  8:25  Infestor  
  114  8:26  Drone x2, Overlord  
  119  8:28  Drone  
  119  8:32  Roach, Drone x2  
  124  8:34  Drone  
  124  8:35  Drone  
  124  8:38  Drone  
  127  8:44  Drone  
  127  8:45  Neural Parasite, Overlord  
  127  8:47  Drone  
  129  8:53  Glial Reconstitution  
  129  8:54  Drone  
  129  8:55  Drone  
  131  8:57  Infestor  
  131  8:58  Spine Crawler  
  131  8:59  Drone  
  131  9:00  Spine Crawler  
  131  9:01  Drone  
  133  9:04  Overlord  
  133  9:09  Zerg Ground Armor Level 2  
  133  9:11  Queen  
  133  9:12  Extractor  
  133  9:13  Drone  
  135  9:22  Roach  
  135  9:23  Overlord, Roach  
  139  9:25  Roach  
  139  9:28  Hydralisk  
  143  9:32  Hydralisk  
  143  9:37  Spore Crawler  
  145  9:38  Drone  
  145  9:39  Spore Crawler, Drone  
  145  9:40  Zergling x12  
  145  9:41  Zergling x2  
  145  9:42  Spine Crawler, Zergling x2, Overlord  
  145  9:45  Baneling Nest, Zerg Melee Weapons Level 2  
  143  9:50  Drone  
  143  9:51  Drone  
  133  9:53  Roach  
  125  10:00  Infestor x2, Hydralisk  
  125  10:01  Roach  
  125  10:02  Roach  
  125  10:04  Roach  
  125  10:07  Overseer  
  122  10:09  Hydralisk  
  119  10:17  Spine Crawler, Drone, Ravager  
  119  10:18  Roach  
  119  10:19  Spine Crawler, Drone  
  122  10:24  Hydralisk  
  122  10:26  Ravager, Roach  
  122  10:28  Baneling  
  127  10:29  Baneling x2  
  127  10:31  Baneling  
  127  10:32  Baneling  
  127  10:33  Zergling x2, Baneling  
  127  10:35  Baneling  
  128  10:36  Zergling x2, Baneling  
  128  10:38  Baneling  
  129  10:44  Centrifugal Hooks  
  129  10:47  Hydralisk  
  129  10:49  Hatchery  
  130  10:50  Hydralisk  
  130  10:51  Drone  
  130  10:53  Hydralisk  
  135  11:00  Spore Crawler  
  135  11:02  Infestor  
  135  11:03  Spore Crawler  
  135  11:05  Roach  
  135  11:07  Spine Crawler, Drone  
  135  11:10  Zergling x2  
  135  11:11  Zergling x4  
  137  11:16  Queen  
  137  11:17  Baneling  
  137  11:18  Zerg Missile Weapons Level 2  
  139  11:19  Baneling x2  
  139  11:31  Zergling x2  
  141  11:32  Zergling x2  
  141  11:35  Spine Crawler  
  141  11:36  Drone  
  141  11:37  Spore Crawler  
  141  11:38  Drone  
  141  11:39  Spine Crawler  
  140  11:40  Drone  
  140  11:41  Spore Crawler  
  140  11:43  Drone  
  140  11:45  Roach  
  146  11:47  Zergling x2, Roach, Overlord  
  146  11:48  Roach  
  146  11:51  Hydralisk  
  150  11:54  Hydralisk  
  150  11:55  Zergling x2  
  153  12:02  Drone x2  
  153  12:06  Spine Crawler, Overlord, Hive  
  153  12:07  Drone  
  155  12:08  Spine Crawler  
  155  12:09  Drone  
  155  12:10  Lurker Den  
  155  12:11  Hatchery  
  155  12:12  Drone x2  
  155  12:13  Spine Crawler  
  155  12:14  Drone  
  155  12:20  Extractor  
  155  12:21  Drone  
  155  12:22  Spire  
  155  12:23  Drone  
  155  12:26  Drone x2  
  155  12:27  Drone x3, Spore Crawler  
  155  12:28  Drone x2, Zergling x2  
  156  12:30  Extractor  
  156  12:31  Drone x2  
  156  12:32  Drone  
  156  12:34  Drone  
  156  12:35  Drone x2  
  155  12:44  Drone  
  155  12:45  Drone  
  155  12:47  Drone  
  155  12:48  Drone, Baneling  
  155  12:49  Baneling, Zergling x2  
  155  12:50  Drone x2, Overlord  
  157  12:57  Drone  
  157  12:58  Drone x2  
  154  12:59  Drone x2  
  154  13:01  Drone  
  154  13:02  Drone x2  
  154  13:03  Drone  
  157  13:08  Baneling x2, Zergling x2  
  157  13:11  Lurker  
  159  13:15  Drone  
  159  13:16  Drone x2, Zergling x4  
  159  13:17  Zergling x4  
  159  13:19  Zergling x2  
  147  13:20  Drone  
  147  13:21  Drone  
  147  13:22  Drone  
  147  13:24  Drone  
  147  13:25  Drone  
  147  13:26  Drone  
  143  13:29  Drone  
  143  13:31  Corruptor  
  143  13:34  Corruptor  
  146  13:39  Queen  
  143  13:42  Zergling x4  
  143  13:43  Zergling x2  
  143  13:45  Zergling x2  
  143  13:46  Zergling x2  
  143  13:47  Zergling x2  
  139  14:12  Spine Crawler  
  139  14:15  Spine Crawler  
Tags
 
Add a new tag
Caveats
  • Supply blocks, unpowered buildings, or Contaminate may cause inaccurate times.
  • Supply counts are checked every 10 seconds.